 Dungeon Crawl Stone Soup version 0.14-a0-2080-ge317583 (webtiles) character file.

2910 MirrMurr the Covert (level 9, -9/39 HPs)
             Began as a Spriggan Enchanter on Jan 24, 2014.
             Was a Believer of Dithmengos.
             Mangled by a gnoll
             ... wielding a +0,+0 halberd
              (15 damage)
             ... on Level 7 of the Dungeon.
             The game lasted 00:29:24 (7988 turns).

MirrMurr the Covert (Spriggan Enchanter)            Turns: 7988, Time: 00:29:25

HP  -9/39        AC  8     Str  7      XL: 9   Next: 37%
MP  14/26        EV 18     Int 16      God: Dithmengos [**....]
Gold 227         SH  0     Dex 17      Spells:  3 memorised, 14 levels left

rFire  . . .     SeeInvis +     a - +2 orc dagger (protect)
rCold  + . .     Clarity  .     w - +1 robe (curse)
rNeg   . . .     Conserve .     (shield restricted)
rPois  .         rCorr    +     (helmet restricted)
rElec  .         rRot     .     (no cloak)
SustAb . .       Spirit   .     (gloves unavailable)
rMut   .         Warding  .     (boots unavailable)
Saprov . . .     Stasis   .     m - amulet of resist corrosion
MR     +....                    F - ring of protection from cold
                                g - +7,+5 ring of slaying

@: very slightly contaminated, wreathed by umbra, very quick, somewhat resistant
to hostile enchantments, uncannily stealthy
A: unfitting armour, see invisible, herbivore 3, speed 3, slow metabolism 2
a: Shadow Step, Renounce Religion


You were on level 7 of the Dungeon.
You worshipped Dithmengos.
Dithmengos was pleased with you.
You were full.

You visited 2 branches of the dungeon, and saw 8 of its levels.

You collected 227 gold pieces.

Inventory:

Hand weapons
 a - a +2,+2 orcish dagger of protection (weapon)
 b - a +0,+0 sling
 c - a +1,+0 orcish dagger of venom
 q - a +2,+1 dagger
 s - a +1,+1 short sword of freezing
 y - a +2,+2 orcish short sword of venom
 S - a +0,+2 dwarven dagger
Missiles
 d - 12 darts (quivered)
 u - 26 sling bullets
 x - 35 stones
 D - 15 poisoned needles
Armour
 n - a +0 robe
 v - a +0 orcish robe
 w - a cursed +1 robe (worn)
 B - a +0 orcish robe
 E - a +0 robe
 J - a +1 robe
 K - a +0 orcish robe
 P - a +0 mottled dragon armour
 U - a +0 robe
Magical devices
 H - a wand of teleportation (3)
Comestibles
 j - a bread ration
 I - an apple
Scrolls
 i - 2 scrolls of identify
 k - a scroll of enchant weapon I
 l - 6 scrolls of teleportation
 M - 2 scrolls of blinking
 R - a scroll of fear
Jewellery
 g - a +7,+5 ring of slaying (left hand)
 m - an amulet of resist corrosion (around neck)
 F - a ring of protection from cold (right hand)
Potions
 e - a potion of porridge
 f - a potion of might
 h - a potion of magic
 o - 2 potions of brilliance {unknown}
 p - a potion of speed
 r - a potion of berserk rage {unknown}
 t - 2 potions of curing
 z - a potion of resistance {unknown}
 A - 2 potions of poison {unknown}
 C - 2 potions of heal wounds
 G - a potion of agility {unknown}
 N - a potion of cure mutation {unknown}
 O - a potion of beneficial mutation {unknown}
 Q - a potion of restore abilities
 T - a potion of degeneration {unknown}
Books
 L - a book of Maledictions

   Spells                             Type                      Level
   *Corona                            Hexes                        1
   Sure Blade                         Hexes/Charms                 2
   *Ensorcelled Hibernation           Hexes/Ice                    2
   *Confuse                           Hexes                        3
   Enslavement                        Hexes                        4
   Invisibility                       Hexes                        6


   Skills:
 - Level 6.6 Short Blades
 + Level 5.9 Slings
 - Level 1.1 Throwing
 + Level 3.1 Dodging
 + Level 12.2 Stealth
 - Level 6.0 Spellcasting
 * Level 6.5 Hexes


You had 14 spell levels left.
You knew the following spells:

 Your Spells              Type           Power        Failure   Level  Hunger
a - Ensorcelled Hibernat  Hex/Ice        ###...       8%          2    None
b - Confuse               Hex            ####....     2%          3    ###....
Z - Corona                Hex            ####...      1%          1    None


Dungeon Overview and Level Annotations

Branches:
Dungeon (7/16)             Temple (1/1) D:4

Altars:
Ashenzari
Cheibriados
Dithmengos
Elyvilon
Fedhas
Kikubaaqudgha
Makhleb
Nemelex Xobeh
Okawaru
Sif Muna
Trog
Xom
Yredelemnul
Zin
the Shining One

Annotations:
D:5 come back w dig


Innate Abilities, Weirdness & Mutations

You are tiny and cannot use many weapons and most armour.
You have supernaturally acute eyesight.
You are a herbivore.
You cover ground extremely quickly.
You need consume almost no food.


Message History

Confirm with . or Enter, or press ? or * to list all spells.
Aiming: Ensorcelled Hibernation
Press: ? - help, Shift-Dir - straight line, f/p - gnoll
Aim: a gnoll, wielding a halberd (almost dead, umbra)
You miscast Ensorcelled Hibernation.
You are very lightly contaminated with residual magic.
Wisps of condensation drift from your hands.
The giant frog hits you. The hound bites you.
The gnoll hits you with a halberd!
* * * LOW HITPOINT WARNING * * *
The giant frog closely misses you.
You hit the giant frog.
The giant frog is lightly wounded.
The hound bites you.
* * * LOW HITPOINT WARNING * * *
The giant frog completely misses you.
You hit the giant frog.
The giant frog is moderately wounded.
The hound closely misses you. The gnoll hits you with a halberd!
You die...

# .. ..# ##g ..##.. .
..... .... ...# #...
#.J## ##..###. #...##
#........
##hFg.##.........$
#..@.............<
#..#...#####..........
##......###...........
#.......%.............
#......................
........###.............
......## ##.......?....
..... #.........>.> ....
##..........>.


You could see a giant frog, a hound, a jelly and 2 gnolls.

Vanquished Creatures
  Grinder (D:6)
  The ghost of bronies4ever the Cudgeler, an average OgBe of Trog (D:3)
  Eustachio (D:4)
  Edmund (D:4)
  An ice beast (D:5)
  2 sky beasts
  An ogre (D:5)
  Sigmund (D:4)
  A centaur (D:5)
  2 gnoll sergeants
  A giant frog (D:6)
  A manticore zombie (D:6)
  5 wights (D:7)
  3 crimson imps
  4 hounds
  A centaur skeleton (D:5)
  3 giant frog skeletons
  A black bear zombie (D:5)
  A gnoll shaman (D:7)
  An orc priest (D:5)
  3 orc wizards
  An iguana (D:7)
  3 scorpions
  7 worker ants
  An ogre zombie (D:5)
  Ijyb (D:6)
  4 adders
  12 gnolls
  An inept item mimic (D:2)
  5 worms
  An iguana zombie (D:6)
  3 giant eyeballs
  5 giant geckos
  10 orcs
  A bat skeleton (D:6)
  6 giant cockroaches
  10 hobgoblins
  2 jackals (D:7)
  A ball python (D:2)
  9 bats
  A giant gecko zombie (D:6)
  6 giant newts
  A giant spore (D:7)
  8 goblins
  A jackal skeleton (D:6)
  10 kobolds
  4 quokkas
  10 rats
160 creatures vanquished.

Vanquished Creatures (others)
  A butterfly (D:3)
1 creature vanquished.

Grand Total: 161 creatures vanquished

Notes
Turn   | Place    | Note
--------------------------------------------------------------
     0 | D:1      | MirrMurr, the Spriggan Enchanter, began the quest for the Orb.
     0 | D:1      | Reached XP level 1. HP: 9/9 MP: 4/4
   310 | D:1      | Reached skill level 4 in Stealth
   346 | D:1      | Reached XP level 2. HP: 8/13 MP: 7/7
   353 | D:1      | Learned a level 2 spell: Ensorcelled Hibernation
  1284 | D:2      | Reached skill level 5 in Stealth
  1491 | D:2      | Reached XP level 3. HP: 14/16 MP: 9/9
  1495 | D:2      | Reached skill level 6 in Stealth
  1535 | D:2      | Learned a level 3 spell: Confuse
  1619 | D:2      | Reached XP level 4. HP: 18/21 MP: 9/12
  1705 | D:2      | Reached skill level 7 in Stealth
  1911 | D:3      | Noticed bronies4ever's ghost (average OgBe)
  2121 | D:3      | Killed bronies4ever's ghost
  2121 | D:3      | Reached skill level 9 in Stealth
  2121 | D:3      | Reached XP level 5. HP: 24/24 MP: 1/14
  2256 | D:3      | Found a burning altar of Makhleb.
  2260 | D:3      | Reached XP level 6. HP: 28/28 MP: 14/17
  2573 | D:3      | Found a shimmering altar of Xom.
  2574 | D:3      | Found a burning altar of Makhleb.
  2577 | D:3      | Reached skill level 10 in Stealth
  3227 | D:4      | Noticed Edmund
  3238 | D:4      | Killed Edmund
  3238 | D:4      | Reached skill level 11 in Stealth
  3242 | D:4      | Reached XP level 7. HP: 32/32 MP: 6/19
  3323 | D:4      | Found a sparkling altar of Nemelex Xobeh.
  3485 | D:4      | Found a staircase to the Ecumenical Temple.
  3491 | Temple   | Entered the Ecumenical Temple
  3835 | Temple   | Became a worshipper of Dithmengos
  3947 | D:4      | Noticed Eustachio
  3959 | D:4      | Killed Eustachio
  4161 | D:4      | Noticed Sigmund
  4165 | D:4      | Killed Sigmund
  4165 | D:4      | Reached skill level 12 in Stealth
  4180 | D:4      | Paralysed by a giant eyeball for 2 turns
  4244 | D:5      | Entered Level 5 of the Dungeon
  4429 | D:5      | Reached skill level 1 in Slings
  4439 | D:5      | Reached skill level 5 in Short Blades
  4439 | D:5      | Reached XP level 8. HP: 27/36 MP: 10/20
  5738 | D:6      | Noticed Ijyb
  5750 | D:6      | Killed Ijyb
  5923 | D:6      | Acquired Dithmengos' first power
  6403 | D:6      | Noticed Grinder
  6428 | D:6      | Killed Grinder
  6428 | D:6      | Reached skill level 5 in Slings
  6428 | D:6      | Reached skill level 5 in Spellcasting
  6428 | D:6      | Reached XP level 9. HP: 22/39 MP: 5/25
  6730 | D:6      | Reached skill level 5 in Hexes
  7439 | D:7      | HP: 1/39 [poisoned by a gnoll sergeant]
  7988 | D:7      | Mangled by a gnoll

Action                   |  1- 3 |  4- 6 |  7- 9 || total
-------------------------+-------+-------+-------++-------
Melee: Dagger            |    92 |    43 |   204 ||   339
 Fire: Sling             |     1 |    15 |    30 ||    46
 Cast: Ensorcelled Hiber |     7 |    10 |    63 ||    80
       Confuse           |       |     6 |    20 ||    26
Evoke: Wand              |       |       |     2 ||     2
  Use: Scroll            |     3 |     4 |    10 ||    17
       Potion            |       |       |     3 ||     3
 Stab: Sleeping          |    14 |    11 |    55 ||    80
       Confused          |       |     1 |     9 ||    10
       Distracted        |       |     1 |       ||     1
